 Dungeon Crawl Stone Soup version 0.28-a0-1339-ga5422284a4 (webtiles) character file.

Game seed: 3264586992335250258

233 nicanaca0 the Cudgeller (level 6, -5/37 HPs)
             Began as a Gargoyle Fighter on Dec 28, 2021.
             Slain by a wight (13 damage)
             ... on level 3 of the Dungeon.
             The game lasted 00:03:21 (3364 turns).

nicanaca0 the Cudgeller (Gargoyle Fighter)          Turns: 3364, Time: 00:03:21

Health: -5/37      AC: 11    Str: 19    XL:     6   Next: 4%
Magic:  6/6        EV:  9    Int:  9    God:
Gold:   102        SH:  4    Dex: 11    Spells: 5/5 levels left

rFire   . . .      SeeInvis .   b - +1 whip (venom)
rCold   . . .      Faith    .   c - +0 buckler
rNeg    + . .      Spirit   .   k - +0 scale mail
rPois   ∞          Reflect  .   (no helmet)
rElec   +          Harm     .   (no cloak)
rCorr   .          Rampage  .   (no gloves)
Will    .....                   (no boots)
Stlth   ..........              (no amulet)
HPRegen 0.12/turn               (no ring)
MPRegen 0.10/turn               (no ring)

@: no status effects
A: sickness immunity, AC +4, negative energy resistance 1, electricity
resistance, torment resistance 1, petrification resistance
a: no special abilities


You were on level 3 of the Dungeon.
You visited 1 branch of the dungeon, and saw 4 of its levels.

You collected 102 gold pieces.

Inventory:

Hand Weapons
 a - a +0 flail
 b - a +1 whip of venom (weapon)
Missiles
 e - 13 stones (quivered)
 m - 14 sling bullets
Armour
 c - a +0 buckler (worn)
 k - a +0 scale mail (worn)
Jewellery
 l - a ring of wizardry
Scrolls
 j - a scroll of teleportation {@r2}
 p - a scroll of enchant weapon {unknown}
 q - a scroll of enchant armour {unknown}
 r - 2 scrolls of identify {unknown}
 s - 2 scrolls of summoning {unknown}
Potions
 d - a potion of might
 f - a potion of resistance {unknown}
 g - a potion of lignification {unknown}
 h - a potion of cancellation {unknown}
 i - a potion of invisibility {unknown}
 n - a potion of mutation {unknown}
 o - a potion of brilliance {unknown}


   Skills:
 + Level 3.2 Fighting
 * Level 5.7 Maces & Flails
 + Level 3.2 Armour
 - Level 4.0 Shields


You had 5 spell levels left.
You didn't know any spells.
Your spell library was empty.

Dungeon Overview and Level Annotations

Branches:
Dungeon (4/15)
 Temple: D:4-7

Altars:


Innate Abilities, Weirdness & Mutations

You are immune to sickness and miasma.
Your stone body is resilient. (AC +4)
You are immune to poison.
You resist negative energy. (rN+)
You are resistant to electric shocks. (rElec)
You are resistant to unholy torment.
You are immune to petrification.


Message History

A wight comes into view. It is wielding a +3 great sword.
A wight comes into view.
It is wielding a +1 morningstar of freezing.
You see here 3 stones.
You throw a stone.
The stone hits the wight but does no damage.
You throw a stone.
The stone hits the wight but does no damage.
There are monsters nearby!
You barely miss the wight. You block the wight's attack.
There are monsters nearby!
There are monsters nearby!
You hit the wight.
The wight is lightly damaged.
The wight barely misses you.
You hit the wight.
The wight is moderately damaged.
The wight barely misses you. You block the wight's attack.
Things that are here:
a +0 halberd; a +0 robe You see here a dart slug corpse.
There is a stone staircase leading up here.
Things that are here:
a +0 giant club; an ogre corpse; a quokka corpse
There is a stone staircase leading up here.
The wight hits you with a +3 great sword!
You climb upwards.
There is a stone staircase leading down here.
You hit the wight.
The wight is moderately damaged.
The wight hits you with a +3 great sword.
You barely miss the wight.
The wight is moderately damaged.
Your scale mail prevents you from hitting the wight.
The wight is moderately damaged.
The wight hits you with a +3 great sword!!
* * * LOW HITPOINT WARNING * * *
You hit the wight.
The wight is heavily damaged.
The wight hits you with a +3 great sword!
You die...

#....................
####.#....##.#.......
######.#....##.#.##...#
#......+....'..#.#8...8
##....#.#....####.##...#
#<......#.......#.##...#
##....#.#.#####.#.##...#
#....#.z.....#.#.#8...8
#....#@....########...#
#....#.#.#.#8###8##...#
#......#.#.............
#......#.#+.........⌠..
#......#...............
###......#...#8###8##...#
#........#...########...#
#...##.#.#.#+##....#8...8
#...##.#.#'#.##....##...#


You could see a wight.

Vanquished Creatures
  An ogre (D:4)
  A wight (D:4)
  An orc wizard (D:3)
  4 adders
  3 dart slugs
  2 orcs (D:3)
  A ball python (D:2)
  4 endoplasms
  2 giant cockroaches
  4 goblins
  3 hobgoblins
  4 kobolds
  3 quokkas
  A bat (D:2)
  A frilled lizard (D:2)
  5 rats
40 creatures vanquished.

Notes
Turn   | Place    | Note
-------+----------+-------------------------------------------
     0 | D:1      | nicanaca0 the Gargoyle Fighter began the quest for the Orb.
     0 | D:1      | Reached XP level 1. HP: 14/14 MP: 1/1
   387 | D:1      | Reached XP level 2. HP: 19/19 MP: 2/2
   541 | D:1      | Found a faded altar of an unknown god.
  1432 | D:2      | Reached skill level 3 in Maces & Flails
  1460 | D:2      | Reached XP level 3. HP: 23/23 MP: 3/3
  2375 | D:3      | Reached XP level 4. HP: 28/28 MP: 4/4
  2569 | D:3      | Reached skill level 4 in Maces & Flails
  3139 | D:4      | Noticed an ogre
  3159 | D:4      | Killed an ogre
  3160 | D:4      | Reached skill level 5 in Maces & Flails
  3160 | D:4      | Reached XP level 5. HP: 27/32 MP: 5/5
  3236 | D:4      | Reached XP level 6. HP: 25/37 MP: 6/6
  3364 | D:3      | Slain by a wight

Illustrated notes

Levels and vault maps discovered:
D:1:      heliophobic_arrival_ceremonial_halls, layout_basic,
          shapermc_ecumenical_altar_acropolis
D:2:      layout_basic, skrybe_limestone_x
D:3:      layout_basic, serial_corexii_hall, corexii_hall_statues_i,
          corexii_hall_statues_x, corexii_hall_statues_t, corexii_hall_statues_i
D:4:      layout_loops_ring, minmay_diced_spiral

Skill      XL: |  1  2  3  4 |
---------------+-------------+-----
Maces & Flails | 3 5 |  5.7
Shields        | 4 |  4.0
Fighting       | |  3.2
Armour         | |  3.2

Action                   |  1- 3 |  4- 6 || total
-------------------------+-------+-------++-------
Melee: Flail             |    26 |       ||    26
       Whip              |    47 |    51 ||    98
Throw: Stone             |    65 |    55 ||   120
  Use: Scroll            |     1 |       ||     1
Armor: Scale mail        |    25 |     7 ||    32
Dodge: Dodged            |    22 |    17 ||    39
Block: Buckler           |    15 |     9 ||    24

Table legend: (Time is in decaauts)
 A = Elapsed time spent in this place.
 B = Non-inter-level travel time spent in this place.
 C = Inter-level travel time spent in this place.
 D = Time resting spent in this place.
 E = Time spent auto-exploring this place.
 F = Levels seen in this place.
 G = Mean time per level.
                   A        B        C        D        E       F      G
               +--------+--------+--------+--------+--------+-----+--------+
         Total |   3375 |   3206 |    169 |    213 |   2626 |   4 |  843.8 |
       Dungeon |   3375 |   3206 |    169 |    213 |   2626 |   4 |  843.8 |
               +--------+--------+--------+--------+--------+-----+--------+

Top non-repeatable levels by time:
     D:1: 1313 daAuts
     D:2: 942 daAuts
     D:3: 893 daAuts
     D:4: 226 daAuts
